 Dungeon Crawl Stone Soup version 0.31-a0-986-g5e6e4ef867 (webtiles) character file.

Game seed: 7153115401213964567

18447 arthad the Thaumaturge (level 12, -1/64 HPs)
             Began as a Deep Elf Earth Elementalist on Nov 12, 2023.
             Was a Believer of Vehumet.
             Slain by a death knight
             ... wielding a +2 halberd
              (10 damage)
             ... on level 12 of the Dungeon.
             The game lasted 00:34:57 (14536 turns).

arthad the Thaumaturge (DEEE)                      Turns: 14536, Time: 00:34:58

Health: -1/64      AC:  9    Str:  5    XL:     12   Next: 27%
Magic:  21/38      EV: 14    Int: 34    God:    Vehumet [**....]
Gold:   623        SH:  0    Dex: 15    Spells: 15/33 levels left

rFire   . . .        I - +11 triple sword "Moptoagh" {heavy, Will+}
rCold   . . .        (shield currently unavailable)
rNeg    . . .        K - +0 leather armour "Larenud" {Int+2}
rPois   .            a - +1 helmet {SInv}
rElec   .            u - +0 cloak
rCorr   .            L - +0 pair of gloves
SInv    +            D - +0 pair of boots
Will    ++...        (no amulet)
Stlth   ++++         k - ring of magical power
HPRegen 0.30/turn    G - +6 ring of intelligence
MPRegen 0.26/turn

%: no passive effects
@: spiked
A: no striking features
a: Renounce Religion


You were on level 12 of the Dungeon.
You worshipped Vehumet.
Vehumet was pleased with you.
You visited 2 branches of the dungeon, and saw 13 of its levels.

You collected 777 gold pieces.
You spent 154 gold pieces at shops.

Inventory:

Hand Weapons
 m - a +6 spectral club
 t - a +3 quarterstaff of chaos
 I - the +11 triple sword "Moptoagh" (weapon) {heavy, Will+}
   (You acquired it on level 11 of the Dungeon)

   Will+:     It increases your willpower.
 M - a +0 broad axe
Missiles
 f - 33 poisoned darts
 i - 3 throwing nets
 r - 5 javelins
 y - 5 curare-tipped darts
 A - 6 boomerangs
Armour
 a - a +1 helmet of see invisible (worn)
 u - a +0 cloak (worn)
 D - a +0 pair of boots (worn)
 F - a +1 helmet
 J - the +1 cloak "Dalaoc" {rF+ Str-4 Dex+4}
   (You found it on level 7 of the Dungeon)

   Str-4:     It affects your strength (-4).
   Dex+4:     It affects your dexterity (+4).
   rF+:       It protects you from fire.
 K - the +0 leather armour "Larenud" (worn) {Int+2}
   (You bought it in a shop on level 7 of the Dungeon)

   Int+2:     It affects your intelligence (+2).
 L - a +0 pair of gloves (worn)
 N - +0 acid dragon scales
 O - the +0 robe "Raocaila" {rCorr Dex+5}
   (You found it on level 8 of the Dungeon)

   Dex+5:     It affects your dexterity (+5).
   rCorr:     It protects you from acid and corrosion.
 P - a +0 troll leather armour
 S - a +0 buckler
 V - a +2 robe of fire resistance
Jewellery
 k - a ring of magical power (left hand)
 E - a +4 ring of protection
 G - a +6 ring of intelligence (right hand)
 U - a ring of flight
Talismans
 j - a granite talisman
Wands
 d - a wand of acid (4)
 C - a wand of flame (57)
 Q - a wand of paralysis (20)
 W - a wand of mindburst (7)
 Z - a wand of iceblast (1)
Scrolls
 c - a scroll of enchant armour
 h - a scroll of poison
 o - a scroll of fear
 v - 4 scrolls of teleportation
 w - 2 scrolls of identify
 R - a scroll of noise
Potions
 b - 2 potions of magic
 e - 3 potions of might
 g - 2 potions of invisibility
 l - 2 potions of haste
 n - 3 potions of ambrosia
 p - 4 potions of enlightenment
 q - 2 potions of heal wounds
 s - 3 potions of curing
 x - a potion of cancellation {unknown}
 z - a potion of mutation {unknown}
 B - 2 potions of attraction
 H - a potion of berserk rage {unknown}
 X - a potion of lignification {unknown}


   Skills:
 + Level 3.3 Fighting
 + Level 2.3 Long Blades
 + Level 3.3 Armour
 + Level 7.6 Dodging
 - Level 9.0 Stealth
 - Level 3.1 Shields
 * Level 11.1 Spellcasting
 * Level 8.9 Conjurations
 + Level 6.2 Transmutations
 + Level 4.0 Fire Magic
 * Level 9.7 Earth Magic
 + Level 5.4 Shapeshifting


You had 15 spell levels left.
You knew the following spells:

 Your Spells              Type           Power      Damage    Failure   Level
a - Sandblast             Erth           100%       2d20      1%          1
b - Passwall              Tmut/Erth      54%        N/A       1%          2
c - Stone Arrow           Conj/Erth      100%       3d13      1%          3
d - Brom's Barrelling Bo  Conj/Erth      70%        2d8       1%          4
e - Petrify               Tmut/Erth      65%        N/A       1%          4
f - Flame Wave            Conj/Fire      58%        2d14      2%          4

Your spell library contained the following spells:

 Spells                   Type           Power      Damage    Failure   Level
 Freeze                   Ice            72%        1d8       3%          1
 Scorch                   Fire           92%        2d8       1%          2
 Ignite Poison            Fire/Tmut/Pois 42%        N/A       2%          3
 Sticky Flame             Conj/Fire      58%        2d7       2%          4
 Slow                     Hex            72%        N/A       3%          1
 Ensorcelled Hibernation  Hex/Ice        36%        N/A       6%          2
 Confusing Touch          Hex            18%        N/A       12%         3
 Sigil of Binding         Hex            18%        N/A       12%         3
 Swiftness                Air            18%        N/A       12%         3
 Vampiric Draining        Necr           18%        2d7       12%         3
 Manifold Assault         Tloc           18%        N/A       36%         4
 Summon Ice Beast         Ice/Summ       18%        N/A       36%         4
 Summon Mana Viper        Hex/Summ       18%        N/A       71%         5
 Dispersal                Tloc           9%         N/A       99%         6
 Summon Cactus Giant      Summ           9%         N/A       99%         6
 Monstrous Menagerie      Summ           9%         N/A       100%        7
 Disjunction              Tloc           9%         N/A       100%        8
 Ignition                 Fire           23%        3d8       100%        8


Dungeon Overview and Level Annotations

Branches:
Dungeon (12/15)            Temple (1/1) D:7            Lair (0/5) D:8
    Orc (0/2) D:10

Altars:
Ashenzari
Cheibriados
Dithmenos
Elyvilon
Fedhas
Gozag
Hepliaklqana
Kikubaaqudgha
Makhleb
Nemelex Xobeh
Okawaru
Qazlal
Ru
Sif Muna
Trog
Uskayaw
Vehumet
Wu Jian
Xom
Yredelemnul
Zin
The Shining One

Shops:
D:2 =   D:7 [

Annotations:
D:6 3 runed translucent doors, p00ps00p's ghost, novice HOFi
D:10 4 transporters


Message History

Casting: Petrify (dangerous; 1% risk of failure)
Confirm with . or Enter, or press ? or * to list all spells.
Aiming: Stone Arrow (safe; 1% risk of failure)
Press: ? - help, Shift-Dir - straight line, f - manticore
Aim: a manticore (87% to hit)
The stone arrow hits the manticore!
The manticore is lightly wounded.
Casting: Stone Arrow (safe; 1% risk of failure)
Confirm with . or Enter, or press ? or * to list all spells.
Aiming: Stone Arrow (safe; 1% risk of failure)
Press: ? - help, Shift-Dir - straight line, f/p - manticore
Aim: a manticore (lightly wounded, 87% to hit)
The stone arrow hits the manticore!!
The manticore is heavily wounded.
The death knight closely misses you. The manticore closely misses you.
The manticore claws you but does no damage.
The manticore claws you.
Casting: Stone Arrow (safe; 1% risk of failure)
Confirm with . or Enter, or press ? or * to list all spells.
Aiming: Stone Arrow (safe; 1% risk of failure)
Press: ? - help, Shift-Dir - straight line, f/p - manticore
Aim: a manticore (heavily wounded, 87% to hit)
The stone arrow hits the manticore!!
The manticore is almost dead.
The manticore misses you. The manticore closely misses you.
The manticore claws you.
The death knight hits you from afar with a +2 halberd!!
* * * LOW HITPOINT WARNING * * *
Casting: Stone Arrow (safe; 1% risk of failure)
Confirm with . or Enter, or press ? or * to list all spells.
Aiming: Stone Arrow (safe; 1% risk of failure)
Press: ? - help, Shift-Dir - straight line, f/p - manticore
Aim: a manticore (almost dead, 87% to hit)
The stone arrow hits the manticore!
You kill the manticore!
Vehumet accepts your kill.
You feel your power returning.
The deep elf pyromancer mumbles some strange words.
The death knight hits you from afar with a +2 halberd!
You die...

#^#...# .##[## #...#.# # # .# . #
# ###...# #.# . . #.# #..#####.#
## #'# #######.# ##.#....#.#
#}H##E##p"##.#.#. ### #)#...#.#.#
e.#.#.#..#...... ..#
#[#...#.#..## #e#.#.####.#.#.
#.###.#...#.###.##p#.#.#.##......
#..)(.'..#.#...#@Q#.#.#.#.'#.#.#.
#.##..#..#..###.##.#.#.#.##......
#.##..#.#.##....###.#.#.####.#.#B
..##..#.##......#..#.#.#.Q#.*....
..###.##........#).##.# .=##.#.#.
...##.#####.####### #+# #######.#
.......# #.# #.# .####..# # #.#
.# #..# ..#


You could see a death knight, a tengu warrior, a deep elf pyromancer and a fire
elemental (summoned).

Vanquished Creatures
  3 two-headed ogres
  A shadow wraith (D:12)
  Pikel (D:7)
  4 deep elf pyromancers (D:12)
  3 manticores
  An ugly thing (D:12)
  2 cyclopes (D:12)
  5 gargoyles
  An unseen horror (D:12)
  Maggie (D:7)
  A kobold demonologist (D:11)
  A komodo dragon (D:10)
  5 trolls
  Grinder (D:6)
  A hornet (D:7)
  Sigmund (D:2)
  7 slime creatures (D:12)
  2 wraiths (D:12)
  A vampire (D:12)
  8 yaks
  Eustachio (D:6)
  A wyvern (D:7)
  Grum (D:11)
  Edmund (D:4)
  Menkaure (D:6)
  A vampire mosquito (D:12)
  3 acid dragons
  Duvessa (D:7)
  3 ice beasts
  2 black bears
  A sky beast (D:8)
  5 orc warriors
  2 ogres (D:6)
  4 wolves (D:11)
  A lemure (D:6)
  3 kobold brigands
  Blork the orc (D:5)
  2 bullfrogs
  2 scorpions (D:5)
  A gnoll sergeant (D:8)
  5 wights
  Dowan (D:7)
  9 killer bees
  2 howler monkeys
  2 jellies
  7 orc priests
  Crazy Yiuf (D:2)
  6 hounds
  A gnoll bouda (D:4)
  Jessica (D:2)
  A sleepcap (D:6)
  4 iguanas
  10 orc wizards
  15 gnolls
  10 adders
  A shadow imp (D:5)
  3 worms
  A dart slug (D:11)
  48 orcs
  5 bats
  5 endoplasms
  4 giant cockroaches
  3 goblins
  5 hobgoblins
  7 jackals
  12 kobolds
  5 quokkas
  7 ball pythons
  4 frilled lizards
  7 rats
279 creatures vanquished.

Vanquished Creatures (collateral kills)
  A boulder (D:5)
1 creature vanquished.

Grand Total: 280 creatures vanquished

Notes
Turn   | Place    | Note
-------+----------+-------------------------------------------
     0 | D:1      | arthad the Deep Elf Earth Elementalist began the quest for
                  | the Orb.
     0 | D:1      | Reached XP level 1. HP: 10/10 MP: 6/6
   118 | D:1      | Reached XP level 2. HP: 15/15 MP: 0/8
   833 | D:1      | Reached XP level 3. HP: 19/19 MP: 5/9
  1231 | D:2      | Noticed Jessica
  1309 | D:2      | Killed Jessica
  1310 | D:2      | Reached skill level 1 in Conjurations
  1310 | D:2      | Reached XP level 4. HP: 19/24 MP: 11/11
  1337 | D:2      | Learned a level 2 spell: Passwall
  1341 | D:2      | Learned a level 3 spell: Stone Arrow
  1576 | D:2      | Found a faded altar of an unknown god.
  1683 | D:2      | Found a runed translucent door.
  1684 | D:2      | Noticed Crazy Yiuf
  1747 | D:2      | Found Wyrangoc's Jewellery Emporium.
  1778 | D:2      | Noticed Sigmund
  1785 | D:2      | Killed Sigmund
  1786 | D:2      | Reached skill level 4 in Spellcasting
  1786 | D:2      | Reached skill level 1 in Shapeshifting
  1786 | D:2      | Reached XP level 5. HP: 13/28 MP: 5/13
  1786 | D:2      | Reached XP level 6. HP: 14/32 MP: 5/14
  1918 | D:2      | Killed Crazy Yiuf
  3020 | D:4      | You fall into a shaft and drop 2 floors!
  3028 | D:6      | Found a runed translucent gate.
  3054 | D:6      | Found a runed translucent gate.
  3054 | D:6      | Found a runed translucent gate.
  3156 | D:6      | Reached skill level 5 in Spellcasting
  3225 | D:6      | Reached XP level 7. HP: 36/36 MP: 16/16
  3286 | D:6      | Found a bloodstained altar of Trog.
  3320 | D:5      | Entered Level 5 of the Dungeon
  3337 | D:5      | Reached skill level 5 in Stealth
  3342 | D:5      | Reached skill level 5 in Earth Magic
  3451 | D:4      | Noticed Edmund
  3868 | D:4      | Killed Edmund
  4000 | D:4      | Learned a level 4 spell: Brom's Barrelling Boulder
  4005 | D:4      | Learned a level 4 spell: Petrify
  4451 | D:5      | Reached XP level 8. HP: 41/41 MP: 18/18
  4498 | D:5      | Reached skill level 6 in Spellcasting
  4748 | D:5      | Noticed Blork the orc
  4932 | D:5      | Killed Blork the orc
  5305 | D:6      | Noticed Grinder
  5312 | D:6      | Killed Grinder
  5313 | D:6      | Reached skill level 5 in Dodging
  5543 | D:6      | Reached skill level 7 in Spellcasting
  5646 | D:6      | Reached skill level 5 in Conjurations
  5647 | D:6      | Noticed Eustachio
  5661 | D:6      | Killed Eustachio
  5662 | D:6      | Reached XP level 9. HP: 45/45 MP: 20/21
  5845 | D:6      | Noticed Menkaure
  5856 | D:6      | Killed Menkaure
  6156 | D:6      | Noticed a spectral unseen horror
  6382 | D:6      | Noticed p00ps00p's ghost (novice HOFi)
  6420 | D:7      | Noticed Pikel
  6610 | D:7      | Killed Pikel
  6796 | D:7      | Reached skill level 8 in Spellcasting
  7194 | D:7      | Identified the +1 cloak "Dalaoc" {rF+ Str-4 Dex+4}
  7328 | D:7      | Found Bipoinak's Antique Armour Emporium.
  7333 | D:7      | Bought a twisted leather armour for 154 gold pieces
  7333 | D:7      | Identified the +0 leather armour "Larenud" {Int+2} (You
                  | bought it in a shop on level 7 of the Dungeon)
  7462 | D:7      | Noticed Duvessa
  7464 | D:7      | Noticed Dowan
  7466 | D:7      | Killed Duvessa
  7471 | D:7      | Killed Dowan
  7500 | D:7      | Noticed Maggie
  7677 | D:7      | Found a staircase to the Ecumenical Temple.
  7682 | Temple   | Entered the Ecumenical Temple
  7714 | Temple   | Became a worshipper of Vehumet
  8044 | D:7      | Killed Maggie
  8045 | D:7      | Reached XP level 10. HP: 51/51 MP: 6/24
  8304 | D:8      | Found a staircase to the Lair.
  8363 | D:8      | Reached skill level 1 in Fire Magic
  8499 | D:8      | Reached skill level 1 in Armour
  8531 | D:8      | Identified the +0 robe "Raocaila" {rCorr Dex+5}
  9160 | D:9      | Reached skill level 1 in Fighting
  9740 | D:9      | Reached * piety under Vehumet
  9740 | D:9      | Offered knowledge of Magic Dart by Vehumet.
  9994 | D:9      | Reached skill level 1 in Shields
  9994 | D:9      | Reached skill level 5 in Transmutations
 10295 | D:10     | Entered Level 10 of the Dungeon
 10309 | D:10     | Reached skill level 9 in Spellcasting
 10366 | D:10     | Noticed a two-headed ogre
 10371 | D:10     | Killed a two-headed ogre
 10450 | D:10     | Found a transporter.
 10461 | D:10     | Found a transporter.
 10462 | D:10     | Found a transporter.
 10504 | D:10     | Found a transporter.
 10913 | D:10     | Noticed a gargoyle
 10918 | D:10     | Killed a gargoyle
 10924 | D:10     | Learned a level 4 spell: Flame Wave
 11114 | D:10     | Reached XP level 11. HP: 57/57 MP: 16/26
 11376 | D:10     | Found a staircase to the Orcish Mines.
 11486 | D:11     | Identified a scroll of acquirement
 11486 | D:11     | Acquired the +11 triple sword "Moptoagh" {heavy, Will+}
 12145 | D:11     | Noticed Grum
 12149 | D:11     | Killed Grum
 12170 | D:11     | HP: 2/58 [gargoyle/stone arrow (10)]
 12750 | D:11     | Found a snail-covered altar of Cheibriados.
 12841 | D:12     | Noticed a deep elf pyromancer
 12845 | D:12     | Killed a deep elf pyromancer
 12846 | D:12     | Reached skill level 10 in Spellcasting
 12918 | D:12     | Noticed a deep elf pyromancer
 13028 | D:12     | Killed a deep elf pyromancer
 13029 | D:12     | Reached skill level 1 in Long Blades
 13166 | D:12     | Reached skill level 5 in Shapeshifting
 13304 | D:12     | Reached ** piety under Vehumet
 13424 | D:12     | Noticed a deep elf pyromancer
 13458 | D:12     | Noticed a deep elf pyromancer
 13458 | D:12     | Noticed a deep elf pyromancer
 13458 | D:12     | Noticed a boulder beetle
 13486 | D:12     | Offered knowledge of Freeze by Vehumet.
 13498 | D:12     | Killed a deep elf pyromancer
 13571 | D:12     | Killed a deep elf pyromancer
 13758 | D:12     | Noticed a deep elf pyromancer
 13758 | D:12     | Noticed a tengu warrior
 13762 | D:12     | Noticed a death knight
 13762 | D:12     | Noticed a shadow wraith
 13762 | D:12     | Noticed a brown ugly thing
 13762 | D:12     | Noticed a boulder beetle
 13769 | D:12     | Killed a shadow wraith
 14055 | D:12     | Reached XP level 12. HP: 64/64 MP: 28/28
 14056 | D:12     | Noticed a two-headed ogre
 14059 | D:12     | Killed a two-headed ogre
 14250 | D:12     | Found a radiant altar of Vehumet.
 14252 | D:12     | Found a stormy altar of Qazlal.
 14252 | D:12     | Found a sacrificial altar of Ru.
 14254 | D:12     | Found an opulent altar of Gozag.
 14254 | D:12     | Found a sparkling altar of Nemelex Xobeh.
 14254 | D:12     | Found a shimmering altar of Xom.
 14307 | D:12     | Noticed a two-headed ogre
 14312 | D:12     | Killed a two-headed ogre
 14313 | D:12     | Reached skill level 11 in Spellcasting
 14536 | D:12     | Slain by a death knight

Illustrated notes

Levels and vault maps discovered:
D:1:      psy_arrival_basics, layout_loops_ring, nrook_mini_backslash,
          dreamdust_princess_bridge
D:2:      layout_rooms, serial_shops, nicolae_shop_pleasant_corner_grove,
          shapermc_ecumenical_altar_mp_urbaneastern, uniq_crazy_yiuf_cottage,
          uniq_sigmund, uniq_jessica
D:3:      layout_basic
D:4:      layout_cave_pools, uniq_edmund
D:5:      layout_rooms, item_on_display_b, uniq_blork_the_orc
D:6:      layout_cave_pods, mainiacjoe_overflow_small_starburst,
          gammafunk_ghost_necromancy, grunt_ministairs_1, uniq_menkaure,
          uniq_eustachio, uniq_grinder
D:7:      nicolae_cairo_tiling_very_big, layout_loops_cross,
          minmay_temple_entry_proselytizer, serial_shops, shop,
          nicolae_zig_zag_zippers, uniq_duvessa, uniq_pikel, uniq_maggie
D:8:      layout_loops_ring, dpeg_oklobed_lair
D:9:      layout_irregular_city
D:10:     layout_gridville, orc_0_dummy, nicolae_transporter_circle
D:11:     layout_long_grid, gauntlet_entry_generic, kennysheep_slug_shrine,
          uniq_grum
D:12:     minmay_the_grid_plus_closed [minmay_the_grid_expand,
          minmay_the_grid_large_cup, minmay_the_grid_paths,
          minmay_the_grid_minigrid_small_alt,
          minmay_the_grid_prize_four_corners_diamond_b], layout_loops_cross,
          doesnt_xom_only_xom
Temple:   mainiacjoe_temple_hex_bubbles

Skill      XL: |  1  2  3  4  5  6  7  8  9 10 11 12 |
---------------+-------------------------------------+-----
Stealth        | 3 4 5 7 8 9 |  9.0
Dodging        | 3 4 5 6 7 |  7.6
Conjurations   | 1 2 3 5 6 7 8 |  8.9
Transmutations | 2 3 4 5 6 |  6.2
Spellcasting   | 4 5 7 8 9 10 11 | 11.1
Earth Magic    | 4 5 6 7 8 9 |  9.7
Shapeshifting  | 1 2 3 4 5 |  5.4
Fire Magic     | 2 3 4 |  4.0
Armour         | 2 3 |  3.3
Fighting       | 2 3 |  3.3
Shields        | 2 3 |  3.1
Long Blades    | 1 2 |  2.3

Action                     |  1- 3 |  4- 6 |  7- 9 | 10-12 || total
---------------------------+-------+-------+-------+-------++-------
  Melee: Triple sword      |       |       |       |     2 ||     2
  Throw: Dart              |     2 |       |    10 |     3 ||    15
   Cast: Sandblast         |    46 |    28 |    11 |     3 ||    88
         Stone Arrow       |       |    43 |   159 |   243 ||   445
         Brom's Barrelling |       |       |     1 |     1 ||     2
         Petrify           |       |       |     1 |     2 ||     3
  Evoke: Wand              |       |       |     4 |     3 ||     7
    Use: Scroll            |       |     3 |     6 |    16 ||    25
   Stab: Petrified         |       |       |       |     1 ||     1
 Armour: Robe              |     4 |    10 |    29 |       ||    43
         Leather armour    |       |       |     4 |    55 ||    59
  Dodge: Dodged            |     4 |     2 |    27 |    61 ||    94

Table legend: (Time is in decaauts)
 A = Elapsed time spent in this place.
 B = Non-inter-level travel time spent in this place.
 C = Inter-level travel time spent in this place.
 D = Time resting spent in this place.
 E = Time spent auto-exploring this place.
 F = Levels seen in this place.
 G = Mean time per level.
                   A        B        C        D        E       F      G
               +--------+--------+--------+--------+--------+-----+--------+
         Total |  14592 |  14155 |    437 |   1177 |  10726 |  13 | 1122.5 |
       Dungeon |  14531 |  14149 |    382 |   1177 |  10726 |  12 | 1210.9 |
        Temple |     60 |      5 |     55 |      0 |      0 |   1 |   60.0 |
               +--------+--------+--------+--------+--------+-----+--------+

Top non-repeatable levels by time:
    D:12: 1604 daAuts
     D:6: 1587 daAuts
     D:7: 1573 daAuts
    D:10: 1374 daAuts
    D:11: 1270 daAuts
     D:1: 1184 daAuts
     D:4: 1156 daAuts
     D:8: 1064 daAuts
     D:9: 1046 daAuts
     D:3: 933 daAuts
     D:5: 882 daAuts
     D:2: 855 daAuts
  Temple: 60 daAuts
